 Dungeon Crawl Stone Soup version 0.30-a0-924-g0ad0bf95bc (webtiles) character file.

Game seed: 10242846423612202299

618 jasper the Chopper (level 7, -3/54 HPs)
             Began as a Demonspawn Reaver on Mar 22, 2023.
             Was an Initiate of Okawaru.
             Slain by a river rat (5 damage)
             ... in a sewer.
             The game lasted 00:09:05 (3891 turns).

jasper the Chopper (Demonspawn Reaver)              Turns: 3891, Time: 00:09:06

Health: -3/54      AC:  8    Str: 21    XL:     7   Next: 21%
Magic:  9/10       EV: 19    Int: 14    God:    Okawaru [......]
Gold:   134        SH:  0    Dex: 11    Spells: 9/10 levels left

rFire   . . .      SeeInvis .    a - +0 hand axe
rCold   . . .      Faith    .    (no shield)
rNeg    . . .      Spirit   .    p - +0 scale mail {Will+}
rPois   .          Reflect  .    (no helmet)
rElec   .          Rampage  .    (no cloak)
rCorr   .                        (no gloves)
Will    +....                    (no boots)
Stlth   +                        (no amulet)
HPRegen 0.29/turn                f - +5 ring of evasion
MPRegen 0.24/turn                q - +6 ring of strength

@: lethally poisoned (-3 -> -8), heroic
A: repulsion field 1, magic regeneration, demonic magic 2
a: Renounce Religion


You were in a sewer.
You worshipped Okawaru.
Okawaru was noncommittal.
You visited 2 branches of the dungeon, and saw 5 of its levels.
You also visited: Sewer.

You collected 134 gold pieces.

Inventory:

Hand Weapons
 a - a +0 hand axe (weapon)
 n - a +2 whip of venom
Missiles
 j - 11 poisoned darts (quivered)
 m - 5 boomerangs
 o - a boomerang of dispersal
 r - 5 stones
Armour
 b - a +0 leather armour
 l - a +0 ring mail
 p - a +0 scale mail of willpower (worn)
Jewellery
 f - a +5 ring of evasion (left hand)
 q - a +6 ring of strength (right hand)
Wands
 g - a wand of flame (2)
 h - a wand of polymorph (9)
Scrolls
 i - 3 scrolls of fog
 s - 4 scrolls of teleportation
 t - a scroll of magic mapping {unknown}
Potions
 e - a potion of magic
 k - 2 potions of degeneration
 u - a potion of invisibility {unknown}


   Skills:
 - Level 4.3(9.3) Fighting
 - Level 5.7(10.7) Axes
 + Level 0.0(5.0) Throwing
 - Level 3.3(8.3) Armour
 - Level 1.7(6.7) Dodging
 - Level 2.0 Spellcasting
 - Level 3.0 Conjurations
 + Level 0.0 Invocations


You had 9 spell levels left.
You knew the following spells:

 Your Spells              Type           Power      Damage    Failure   Level
a - Kiss of Death         Conj/Necr      20%        2d7       30%         1

Your spell library contained the following spells:

 Spells                   Type           Power      Damage    Failure   Level
 Momentum Strike          Conj/Tloc      10%        3d8       41%         2
 Static Discharge         Conj/Air       10%        2-3/arc   41%         2
 Hailstorm                Conj/Ice       5%         3d4       65%         3
 Ozocubu's Armour         Ice            1%         N/A       86%         3
 Fireball                 Conj/Fire      2%         3d4       100%        5
 Metabolic Englaciation   Hex/Ice        0%         N/A       100%        5
 Fire Storm               Conj/Fire      2%         8d1       100%        9
 Simulacrum               Ice/Necr       Unusable   N/A       N/A         6

Dungeon Overview and Level Annotations

Branches:
Dungeon (4/15)             Temple (1/1) D:4           Sewer (1/1)

Altars:
Cheibriados
Fedhas
Gozag
Kikubaaqudgha
Makhleb
Okawaru
Qazlal
Trog
Wu Jian
Yredelemnul


Innate Abilities, Weirdness & Mutations

You are surrounded by a mild repulsion field. (EV +2)
You regenerate magic rapidly.
Spells you cast may paralyse nearby enemies.


Message History

You are lethally poisoned!
You take 17 damage, and have 15/54 hp.
MASSIVE DAMAGE!!
You feel better. The river rat barely misses you.
The kobold brigand hits you with a +2 short sword of venom!
You are poisoned.
You regained 2 hp, and now have 17/54 hp.
You gain the combat prowess of a mighty hero.
You can no longer gain great but temporary skills.
* * * LOW HITPOINT WARNING * * *
You feel very sick. The river rat barely misses you.
The kobold brigand misses you.
You take 4 damage, and have 13/54 hp.
You now have 8/10 mp.
You slash the kobold brigand!
The kobold brigand is heavily wounded.
You closely miss the river rat.
* * * LOW HITPOINT WARNING * * *
You feel sick. The river rat misses you.
You take 2 damage, and have 11/54 hp.
Okay, then.
Unknown command.
You closely miss the kobold brigand.
The kobold brigand is heavily wounded.
You hit the river rat.
* * * LOW HITPOINT WARNING * * *
You feel sick. The kobold brigand barely misses you.
You take 2 damage, and have 9/54 hp.
You barely miss the kobold brigand.
The kobold brigand is heavily wounded.
You hit the river rat but do no damage.
* * * LOW HITPOINT WARNING * * *
You feel sick. The river rat bites you.
* * * LOW HITPOINT WARNING * * *
The kobold brigand closely misses you.
You take 6 damage, and have 3/54 hp.
You closely miss the kobold brigand.
The kobold brigand is heavily wounded.
You closely miss the river rat. You barely miss the rat.
* * * LOW HITPOINT WARNING * * *
You feel sick. The river rat bites you.
You die...

##≈## ##≈## ##~##
#≈# #≈# #~# #≈# #≈#
#~# #≈# #≈# #~#
##≈## ##~## #
##.~.## ##~..##
##≈##.~~..####.....#
≈≈≈≈≈~.∩.~~)~~.~...#
####~.@∩.####~...~#
##rKr## ##~..##
##)## ##### #(# #~#
#~# .(. .(. .(.


You could see a kobold brigand, a river rat and a rat.

Vanquished Creatures
  2 kobold brigands (Sewer)
  A scorpion (D:4)
  3 hounds (D:4)
  An orc priest (D:3)
  Jessica (D:3)
  Ijyb (D:3)
  An orc wizard (D:4)
  A gnoll (D:1)
  10 adders
  A river rat (Sewer)
  An ufetubus (D:4)
  2 worms
  4 dart slugs
  10 orcs
  6 ball pythons
  5 endoplasms
  6 giant cockroaches
  5 goblins
  5 hobgoblins
  5 jackals
  11 kobolds
  3 quokkas
  5 bats
  5 frilled lizards
  3 rats
98 creatures vanquished.

Vanquished Creatures (others)
  4 plants (D:2)
4 creatures vanquished.

Grand Total: 102 creatures vanquished

Notes
Turn   | Place    | Note
-------+----------+-------------------------------------------
     0 | D:1      | jasper the Demonspawn Reaver began the quest for the Orb.
     0 | D:1      | Reached XP level 1. HP: 16/16 MP: 3/3
   179 | D:1      | Found a faded altar of an unknown god.
   240 | D:1      | Reached skill level 3 in Axes
   242 | D:1      | Gained mutation: You regenerate magic rapidly. [demonic
                  | ancestry]
   242 | D:1      | Reached XP level 2. HP: 11/21 MP: 5/5
   590 | D:1      | Got Vehumet's Vademecum on Conflict
   597 | D:1      | You fall into a shaft and drop 1 floor!
   789 | D:2      | Reached skill level 1 in Armour
   848 | D:1      | Gained mutation: You are surrounded by a mild repulsion
                  | field. (EV +2) [demonic ancestry]
   848 | D:1      | Reached XP level 3. HP: 27/28 MP: 6/6
  1681 | D:2      | Gained mutation: Spells you cast may paralyse adjacent
                  | enemies. [demonic ancestry]
  1681 | D:2      | Reached XP level 4. HP: 27/29 MP: 7/7
  2038 | D:3      | Noticed Ijyb
  2047 | D:3      | Killed Ijyb
  2048 | D:3      | Reached skill level 4 in Axes
  2204 | D:3      | Gained mutation: Spells you cast may paralyse nearby
                  | enemies. [demonic ancestry]
  2204 | D:3      | Reached XP level 5. HP: 35/36 MP: 8/8
  2489 | D:3      | Noticed Jessica
  2496 | D:3      | Killed Jessica
  3008 | D:4      | Reached XP level 6. HP: 41/45 MP: 9/9
  3104 | D:4      | Found a staircase to the Ecumenical Temple.
  3152 | Temple   | Entered the Ecumenical Temple
  3263 | Temple   | Became a worshipper of Warmaster Okawaru
  3322 | D:4      | Reached skill level 5 in Axes
  3445 | D:4      | Found a glowing drain.
  3492 | Sewer    | Entered a sewer
  3679 | Sewer    | Reached XP level 7. HP: 49/54 MP: 10/10
  3706 | Sewer    | Reached * piety under Okawaru
  3891 | Sewer    | HP: 2/54 [poisoned by a kobold brigand]
  3891 | Sewer    | Slain by a river rat

Illustrated notes

Levels and vault maps discovered:
D:1:      mrwooster_arrival_statue, layout_basic, ebering_ecumenical_altar_webs,
          minmay_misc_feat_doors, kennysheep_nondescript,
          ebering_dispersal_statue_hall
D:2:      layout_loops_cross, serial_forest, infiniplex_forest_clump_medium,
          infiniplex_forest_straight_3, infiniplex_forest_zigzag_1,
          infiniplex_forest_corner_1, infiniplex_forest_end_2,
          infiniplex_forest_clump_double
D:3:      layout_loops_ring, uniq_ijyb, uniq_jessica
D:4:      layout_loops_ring, minmay_temple_entry_crystal_x, serial_shops, shop,
          gup_sewer_entry_glass
Temple:   nicolae_temple_ecumenical_triangle
Sewer:    sewer_co_15_rooms

Skill      XL: |  1  2  3  4  5  6 |
---------------+-------------------+-----
Axes           | 3 4 5 |  5.7
Armour         | 1 2 3 |  3.3
Fighting       | 3 4 |  4.3
Dodging        | |  1.7
Spellcasting   | |  2.0
Conjurations   | |  3.0

Action                     |  1- 3 |  4- 6 |  7- 9 || total
---------------------------+-------+-------+-------++-------
  Melee: Hand axe          |   142 |   285 |    40 ||   467
         Punch             |       |       |     1 ||     1
  Throw: Dart              |    15 |    41 |     7 ||    63
         Stone             |    26 |       |       ||    26
         Throwing net      |       |     1 |       ||     1
   Cast: Kiss of Death     |     3 |     2 |       ||     5
 Invoke: Heroism           |       |       |     1 ||     1
  Evoke: Wand              |       |     5 |       ||     5
    Use: Scroll            |     6 |     3 |       ||     9
         Potion            |       |     3 |     1 ||     4
   Stab: Paralysed         |       |     4 |       ||     4
 Armour: Leather armour    |    17 |       |       ||    17
         Ring mail         |    17 |     7 |       ||    24
         Scale mail        |       |    28 |     7 ||    35
  Dodge: Dodged            |   113 |   218 |    20 ||   351

Table legend: (Time is in decaauts)
 A = Elapsed time spent in this place.
 B = Non-inter-level travel time spent in this place.
 C = Inter-level travel time spent in this place.
 D = Time resting spent in this place.
 E = Time spent auto-exploring this place.
 F = Levels seen in this place.
 G = Mean time per level.
                   A        B        C        D        E       F      G
               +--------+--------+--------+--------+--------+-----+--------+
         Total |   3963 |   3829 |    134 |    294 |   2246 |   6 |  660.5 |
       Dungeon |   3400 |   3274 |    126 |    164 |   1966 |   4 |  850.0 |
        Temple |    120 |    112 |      8 |      0 |    102 |   1 |  120.0 |
         Sewer |    442 |    442 |      0 |    130 |    178 |   1 |  442.0 |
               +--------+--------+--------+--------+--------+-----+--------+

Top non-repeatable levels by time:
     D:1: 1148 daAuts
     D:3: 1022 daAuts
     D:2: 909 daAuts
   Sewer: 442 daAuts
     D:4: 319 daAuts
  Temple: 120 daAuts
